 Dungeon Crawl Stone Soup version 0.27.1-34-g3ba077fa99 (webtiles) character file.

Game seed: 3381487546225909373

490 M0nkeyB0y the Chopper (level 7, -6/64 HPs)
             Began as a Hill Orc Berserker on Jan 22, 2022.
             Was a Priest of Trog.
             Succumbed to a kobold brigand's poison
             ... on level 4 of the Dungeon.
             The game lasted 00:08:59 (5390 turns).

M0nkeyB0y the Chopper (Hill Orc Berserker)          Turns: 5390, Time: 00:08:59

Health: -6/64      AC: 11    Str: 19 (21) XL:     7   Next: 14%
Magic:  7/7        EV:  7    Int:  6 (8)  God:    Trog [***...]
Gold:   319        SH:  0    Dex:  7 (10) Spells: 6/6 levels left

rFire    + . .     SeeInvis .   a - +1 hand axe
rCold    + . .     Faith    .   (no shield)
rNeg     . . .     Spirit   .   i - +0 chain mail
rPois    +         Reflect  .   (no helmet)
rElec    +         Harm     .   g - +0 cloak
rCorr    +         Rampage  .   d - +0 pair of gloves
Will     .....                  (no boots)
Stlth    ..........             (no amulet)
HPRegen  0.20/turn              (no ring)
MPRegen  0.10/turn              (no ring)

@: brilliant, lethally poisoned (-6 -> -43), resistant
A: no striking features
a: Renounce Religion, Berserk, Trog's Hand


You were on level 4 of the Dungeon.
You worshipped Trog.
Trog was most pleased with you.
You visited 1 branch of the dungeon, and saw 4 of its levels.

You collected 319 gold pieces.

Inventory:

Hand Weapons
 a - a +1 hand axe (weapon)
Missiles
 f - 3 silver boomerangs (quivered)
Armour
 d - a +0 pair of gloves (worn)
 g - a +0 cloak (worn)
 i - a +0 chain mail (worn)
Jewellery
 k - a ring of flight
Wands
 o - a wand of digging (5)
Scrolls
 n - a scroll of enchant armour {unknown}
Potions
 b - a potion of haste
 h - a potion of mutation {unknown}
 j - a potion of lignification


   Skills:
 + Level 6.3 Fighting
 + Level 7.6 Axes
 + Level 3.6 Armour
 + Level 1.9 Dodging
 + Level 0.1 Stealth


You had 6 spell levels left.
You didn't know any spells.
Your spell library was empty.

Dungeon Overview and Level Annotations

Branches:
Dungeon (4/15)
 Temple: D:4-7

Altars:
Cheibriados
Kikubaaqudgha
Trog


Message History

You hit the kobold brigand.
The kobold brigand is severely wounded.
You feel very sick.
The kobold brigand hits you with a +0 dagger of venom.
You are more poisoned.
You closely miss the kobold brigand.
The kobold brigand is severely wounded.
You closely miss the kobold.
You feel very sick.
The kobold brigand hits you with a +0 dagger of venom.
You are more poisoned.
The kobold hits you but does no damage.
You hit the kobold brigand.
The kobold brigand is almost dead.
You hit the kobold.
You kill the kobold!
Trog accepts your kill.
You feel very sick.
The kobold brigand hits you with a +0 dagger of venom.
You are lethally poisoned!
You hit the kobold brigand.
The kobold brigand is almost dead.
* * * LOW HITPOINT WARNING * * *
You feel very sick.
The kobold brigand hits you but does no damage.
You are more poisoned.
You completely miss the kobold brigand.
The kobold brigand is almost dead.
* * * LOW HITPOINT WARNING * * *
You feel very sick.
The kobold brigand hits you but does no damage.
You are more poisoned.
It was a potion of brilliance.
You feel clever all of a sudden.
* * * LOW HITPOINT WARNING * * *
You feel extremely sick.
The kobold brigand hits you but does no damage.
You are more poisoned.
You feel protected.
You die...

#.#..# ##...≈≈≈≈#).#.# #..##
#.#..# #....≈≈##).#.# #....
#.#..# #.#..≈≈#..##.#######.###
#.#..# #....≈##..#......))..#
#.#..######.#≈#.)###.#######.#
#........##.###..#≈#.# #.###
####..........#..#≈#.#######....
#.###.##.###..#≈≈...........#
#.# #.##.###@.#≈≈≈#########.#
#.# #.##..#)K##≈≈≈# #.# #.#
#.#####..#≈≈≈≈# #.# #.# #.#
#.#..##≈≈≈###### #.# #.# #.#
#.##..#≈≈≈.....# #.# #.###)#
#..#..##≈#####.## #.#
#...#.###..##. #≈# ##.#.###.#
###...#.#..# ..#.###>###.##.#
#<##.....# #....## ##...#


You could see a kobold brigand.

Vanquished Creatures
  An ogre (D:4)
  3 killer bees (D:4)
  A hound (D:4)
  An iguana (D:4)
  4 gnolls (D:4)
  6 adders
  An ufetubus (D:4)
  A worm (D:4)
  3 dart slugs
  7 orcs
  6 endoplasms
  4 giant cockroaches
  11 goblins
  14 hobgoblins
  7 jackals
  2 quokkas (D:3)
  12 ball pythons
  7 bats
  3 frilled lizards
  11 kobolds
  6 rats
  A rat zombie (D:3)
112 creatures vanquished.

Vanquished Creatures (others)
  3 fungi (D:1)
  4 toadstools (D:1)
7 creatures vanquished.

Grand Total: 119 creatures vanquished

Notes
Turn   | Place    | Note
-------+----------+-------------------------------------------
     0 | D:1      | M0nkeyB0y the Hill Orc Berserker began the quest for the
                  | Orb.
     0 | D:1      | Reached XP level 1. HP: 19/19 MP: 1/1
   446 | D:1      | Reached XP level 2. HP: 27/27 MP: 2/2
   961 | D:1      | Reached ** piety under Trog
   977 | D:1      | Reached XP level 3. HP: 21/34 MP: 3/3
  2009 | D:2      | Reached skill level 5 in Axes
  2045 | D:2      | Reached XP level 4. HP: 32/41 MP: 4/4
  2810 | D:3      | Reached XP level 5. HP: 34/47 MP: 5/5
  2953 | D:3      | Found a snail-covered altar of Cheibriados.
  2960 | D:3      | Reached skill level 6 in Axes
  3024 | D:3      | Reached *** piety under Trog
  3138 | D:3      | Found a bloodstained altar of Trog.
  3328 | D:3      | Found an ancient bone altar of Kikubaaqudgha.
  3650 | D:4      | Noticed an ogre
  3661 | D:4      | Killed an ogre
  3662 | D:4      | Reached skill level 5 in Fighting
  4009 | D:4      | Reached XP level 6. HP: 48/56 MP: 6/6
  4280 | D:4      | Reached skill level 7 in Axes
  4733 | D:4      | Reached XP level 7. HP: 36/63 MP: 7/7
  5389 | D:4      | HP: 2/64 [poisoned by a kobold brigand]
  5390 | D:4      | Succumbed to a kobold brigand's poison

Illustrated notes

Levels and vault maps discovered:
D:1:      pf_arrival_petrified_forest, layout_basic, minmay_misc_feat_rows,
          minmay_gold_behind_fungi, minmay_misc_feat_enclosed, minmay_bisected
D:2:      layout_loops_corners
D:3:      layout_loops_ring, cheibriados_altar_1,
          lemuel_zombie_altar_kikubaaqudgha, mainiacjoe_overflow_paths
D:4:      cheibrodos_thug_alley, layout_loops_ring

Skill      XL: |  1  2  3  4  5  6 |
---------------+-------------------+-----
Fighting       | 4 5 6 |  6.3
Axes           | 5 6 7 |  7.6
Armour         | 3 |  3.6
Dodging        | |  1.9
Stealth        | |  0.1

Action                   |  1- 3 |  4- 6 |  7- 9 || total
-------------------------+-------+-------+-------++-------
Melee: Hand axe          |   142 |   182 |    50 ||   374
Throw: Boomerang         |       |       |    20 ||    20
Invok: Berserk           |       |     3 |       ||     3
  Use: Scroll            |       |     4 |       ||     4
       Potion            |       |     6 |     2 ||     8
Armor: Animal skin       |    51 |       |       ||    51
       Chain mail        |    45 |    91 |    27 ||   163
Dodge: Dodged            |   118 |   101 |    10 ||   229
